 Dungeon Crawl Stone Soup version 0.31-b1-18-g61460d1e46 (webtiles) character file.

Game seed: 2954414732325950939

4160 bnorton916 the Thaumaturge (level 10, -9/50 HPs)
             Began as a Deep Elf Conjurer on Jan 16, 2024.
             Was an Initiate of Gozag.
             Shot with an arrow by a centaur warrior (23 damage)
             ... on level 8 of the Dungeon.
             The game lasted 00:13:02 (9993 turns).

bnorton916 the Thaumaturge (Deep Elf Conjurer)      Turns: 9993, Time: 00:13:03

Health: -9/50      AC:  6    Str: 10    XL:     10   Next: 7%
Magic:  27/27      EV: 13    Int: 26    God:    Gozag
Gold:   315        SH:  0    Dex: 17    Spells: 20/31 levels left

rFire   . . .        o - staff "Tien" {Str+4 Dex+4 Conj}
rCold   . . .        (no shield)
rNeg    . . .        a - +0 robe
rPois   .            (no helmet)
rElec   .            (no cloak)
rCorr   .            (no gloves)
SInv    .            (no boots)
Will    +....        (no amulet)
Stlth   ++           p - +4 ring of protection
HPRegen 0.28/turn    s - ring of flight
MPRegen 0.20/turn

%: no passive effects
@: flying
A: no striking features
a: Renounce Religion, Potion Petition, Call Merchant, Bribe Branch


You were on level 8 of the Dungeon.
You worshipped Gozag.
Gozag was aware of your devotion.
You visited 2 branches of the dungeon, and saw 9 of its levels.
You also visited: Sewer.

You collected 418 gold pieces.
You paid 103 gold pieces to Gozag.

Inventory:

Hand Weapons
 c - a +4 hand axe of flaming
 t - a +1 dagger of electrocution
Missiles
 y - 8 poisoned darts
Armour
 a - a +0 robe (worn)
 u - a +1 ring mail of cold resistance
 B - a +0 buckler
 D - +0 swamp dragon scales
Magical Staves
 o - the staff "Tien" (weapon) {Str+4 Dex+4 Conj}
   (You acquired it on level 7 of the Dungeon)

   [staff of conjuration]

   Base accuracy: +5 Base damage: 5 Base attack delay: 1.2 This weapon's minimum
   attack delay (0.6) is reached at skill level 12.
   Str+4:     It affects your strength (+4).
   Dex+4:     It affects your dexterity (+4).
   Conj:      It increases the power of your Conjurations spells.
   It falls into the 'Staves' category.
   It is a one-handed weapon.
Jewellery
 i - a ring of willpower
 p - a +4 ring of protection (left hand)
 s - a ring of flight (right hand)
 w - a ring of protection from cold
 E - a +6 ring of dexterity
Wands
 C - a wand of light (27)
 G - a wand of polymorph (14)
Scrolls
 e - 2 scrolls of vulnerability
 f - a scroll of blinking
 g - 3 scrolls of enchant armour
 r - a scroll of butterflies
 v - a scroll of revelation {unknown}
 F - a scroll of silence {unknown}
 H - a scroll of fear {unknown}
 J - a scroll of enchant weapon {unknown}
 K - a scroll of teleportation
 L - a scroll of immolation
Potions
 b - 5 potions of magic
 d - 4 potions of curing {unknown}
 h - a potion of cancellation {unknown}
 j - 2 potions of degeneration {unknown}
 k - a potion of mutation {unknown}
 l - a potion of experience {unknown}
 m - 2 potions of haste {unknown}
 n - 2 potions of might {unknown}
 q - 3 potions of brilliance {unknown}
 x - a potion of attraction {unknown}
 z - a potion of berserk rage {unknown}
 A - 2 potions of heal wounds {unknown}
 I - a potion of invisibility {unknown}


   Skills:
 + Level 5.0 Armour
 - Level 2.4 Dodging
 - Level 2.4 Stealth
 + Level 11.2 Spellcasting
 + Level 10.2 Conjurations
 - Level 4.3 Translocations
 - Level 4.3 Alchemy


You had 20 spell levels left.
You knew the following spells:

 Your Spells              Type           Power      Damage    Failure   Level
a - Magic Dart            Conj           100%       1d8       1%          1
b - Searing Ray           Conj           100%       2d8       1%          2
c - Iskenderun's Mystic   Conj/Tloc      68%        2d14      1%          4
d - Fulminant Prism       Conj/Alch      34%        3d16      1%          4

Your spell library contained the following spells:

 Spells                   Type           Power      Damage    Failure   Level
 Foxfire                  Conj/Fire      100%       2x1d9     1%          1
 Starburst                Conj/Fire      29%        6d9       58%         6
 Plasma Beam              Fire/Air       7%         2x1d17    99%         6


Dungeon Overview and Level Annotations

Branches:
Dungeon (8/15)             Temple (1/1) D:7           Sewer (visited)
   Lair: D:8-11

Altars:
Ashenzari
Cheibriados
Dithmenos
Elyvilon
Fedhas
Gozag
Hepliaklqana
Kikubaaqudgha
Makhleb
Nemelex Xobeh
Okawaru
Qazlal
Ru
Sif Muna
Trog
Uskayaw
Vehumet
Wu Jian
Xom
Yredelemnul
Zin
The Shining One

Shops:
D:6 =

Annotations:
D:4 Edmund


Message History

The hornet is knocked back by the mystic blast.
The hornet slams into the rock wall!
The hornet is heavily wounded.
Your fulminant prism crackles loudly.
Your fulminant prism explodes!
The blast of energy engulfs the hornet!
The hornet is almost dead.
Unknown command.
Unknown command.
Casting: Iskenderun's Mystic Blast (dangerous; 1% risk of failure)
Confirm with . or Enter, or press ? or * to list all spells.
You feel a surge of power!
You erupt in a blast of force!
The mystic blast hits the hornet!
You kill the hornet!
Your Armour skill increases to level 5!
A centaur warrior comes into view. It is wielding a +0 war axe.
Unknown command.
The centaur warrior unwields a +0 war axe.
The centaur warrior wields a +1 shortbow of freezing.
It is covered in frost.
The centaur warrior shoots an arrow.
The arrow misses you.
You fly upwards.
There is a stone staircase leading down here.
You start resting.
Magic restored.
You start waiting.
Done waiting.
You fly downwards.
The centaur warrior shoots an arrow.
The arrow hits you! The arrow freezes you.
There is a stone staircase leading up, spattered with blood here.
Unknown command.
Casting: Iskenderun's Mystic Blast (dangerous; 1% risk of failure)
Confirm with . or Enter, or press ? or * to list all spells.
Okay, then.
Unknown command.
The centaur warrior shoots an arrow.
The arrow hits you! The arrow freezes you.
* * * LOW HITPOINT WARNING * * *
The centaur warrior shoots an arrow.
The arrow hits you!!
You die...
Your body crumbles into a pile of gold.

...###.##.#############.####.####
$$$'o.................Fb..*..bF..
$..###.##$###.########b.####.####
. #.##.# #.#..# #..# ##'####
#.##.# #.#..# #..# #......
#.##.###.#..# #..###......
#.##...#.#..#####$.#........ ##
#.####.#.#).##).t..#.#......
...###.# #.#.#.@.$..#....#......
.....## #.#.##..#########......
#####...# #.#.##..# #......
.......)###....c..# ###.#.#
.........####.#.###. ....b
.......#......#..... ..§≈.
#####.....#......## .≈§≈≈
#.#.....####.# ≈§..
#.#.....####.#


You could see a centaur warrior and a fire crab (wandering).

Vanquished Creatures
  Maggie (D:6)
  Jeremiah (D:8)
  Psyche (D:8)
  Grinder (D:6)
  Prince Ribbit (D:8)
  2 hornets (D:8)
  A basilisk (D:8)
  A steam dragon (D:7)
  Menkaure (D:6)
  An orc warrior (D:8)
  A sky beast (D:7)
  An ice beast (D:7)
  2 centaurs (D:8)
  A phantom (D:6)
  A kobold brigand (D:6)
  2 brain worms (Sewer)
  3 bullfrogs
  4 wights (D:7)
  6 killer bees (D:8)
  4 orc priests
  4 hounds
  A jelly (D:7)
  2 sleepcaps
  5 iguanas
  3 orc wizards
  A gnoll (D:1)
  12 adders
  4 river rats (Sewer)
  A shadow imp (D:5)
  4 ufetubi
  2 dart slugs (D:4)
  A ribbon worm (D:2)
  18 orcs
  7 endoplasms
  8 giant cockroaches
  3 goblins
  5 hobgoblins
  4 jackals (D:2)
  4 quokkas
  6 ball pythons
  4 bats
  8 frilled lizards
  9 kobolds
  A rat (D:2)
153 creatures vanquished.

Vanquished Creatures (others)
  35 fulminant prisms
35 creatures vanquished.

Grand Total: 188 creatures vanquished

Notes
Turn   | Place    | Note
-------+----------+-------------------------------------------
     0 | D:1      | bnorton916 the Deep Elf Conjurer began the quest for the
                  | Orb.
     0 | D:1      | Reached XP level 1. HP: 10/10 MP: 6/6
   245 | D:1      | Reached XP level 2. HP: 15/15 MP: 2/8
   248 | D:1      | Learned a level 2 spell: Searing Ray
   750 | D:2      | Reached skill level 4 in Spellcasting
   750 | D:2      | Reached skill level 5 in Conjurations
   750 | D:2      | Reached XP level 3. HP: 19/19 MP: 6/10
   872 | D:2      | You fall into a shaft and drop 2 floors!
   882 | D:4      | Reached XP level 4. HP: 7/24 MP: 5/12
  1681 | D:2      | Found a faded altar of an unknown god.
  1692 | D:2      | Reached skill level 5 in Spellcasting
  2452 | D:4      | Reached XP level 5. HP: 28/28 MP: 10/14
  2534 | D:4      | Learned a level 4 spell: Iskenderun's Mystic Blast
  2539 | D:4      | Learned a level 4 spell: Fulminant Prism
  2773 | D:4      | Noticed Edmund
  2788 | D:4      | Reached skill level 1 in Translocations
  2790 | D:4      | Reached skill level 1 in Alchemy
  2931 | D:5      | Entered Level 5 of the Dungeon
  2967 | D:5      | Reached skill level 6 in Spellcasting
  2968 | D:5      | Found a glowing drain.
  2987 | Sewer    | Entered a sewer
  3100 | Sewer    | Reached XP level 6. HP: 32/32 MP: 12/17
  4630 | D:5      | Reached XP level 7. HP: 16/36 MP: 11/19
  5120 | D:6      | Found a snail-covered altar of Cheibriados.
  5120 | D:6      | Found a stormy altar of Qazlal.
  5120 | D:6      | Found an ornate altar of the Wu Jian Council.
  5121 | D:6      | Found an ancient bone altar of Kikubaaqudgha.
  5386 | D:6      | Reached skill level 7 in Spellcasting
  5541 | D:6      | Noticed Menkaure
  5547 | D:6      | Killed Menkaure
  5664 | D:6      | Found a glowing golden altar of the Shining One.
  5683 | D:6      | Noticed Maggie
  5693 | D:6      | Killed Maggie
  5694 | D:6      | Reached skill level 8 in Spellcasting
  5694 | D:6      | Reached XP level 8. HP: 41/41 MP: 5/22
  6458 | D:6      | Noticed Grinder
  6465 | D:6      | Killed Grinder
  6466 | D:6      | Reached skill level 1 in Armour
  7095 | D:6      | Found Jeufah's Jewellery Boutique.
  7383 | D:7      | Identified a scroll of acquirement
  7383 | D:7      | Acquired the staff "Tien" {Str+4 Dex+4 Conj}
  7523 | D:7      | Reached skill level 9 in Spellcasting
  7734 | D:7      | Reached XP level 9. HP: 45/45 MP: 17/24
  8382 | D:7      | Found a staircase to the Ecumenical Temple.
  8391 | Temple   | Entered the Ecumenical Temple
  8494 | D:7      | Found an opulent altar of Gozag.
  8505 | D:7      | Became a worshipper of Gozag Ym Sagoz the Greedy
  8877 | D:8      | Noticed Psyche
  8890 | D:8      | Killed Psyche
  8891 | D:8      | Reached skill level 10 in Spellcasting
  8905 | D:8      | Noticed a fire crab
  8918 | D:8      | Noticed Jeremiah
  9211 | D:8      | Noticed Prince Ribbit
  9222 | D:8      | Killed Prince Ribbit
  9489 | D:8      | Reached skill level 10 in Conjurations
  9674 | D:8      | Reached skill level 11 in Spellcasting
  9734 | D:8      | Killed Jeremiah
  9735 | D:8      | Reached XP level 10. HP: 36/50 MP: 8/27
  9835 | D:8      | Reached skill level 5 in Armour
  9835 | D:8      | Noticed a centaur warrior
  9993 | D:8      | Shot with an arrow by a centaur warrior

Illustrated notes

Levels and vault maps discovered:
D:1:      lightli_arrival_boilingwater, layout_rooms, due_unseen_surprise
D:2:      layout_basic, nicolae_ecumenical_snake_handling, minmay_tripent
D:3:      layout_basic
D:4:      layout_rooms, chequers_decorated_corner, uniq_edmund
D:5:      layout_cave_pods, portal_sewer_entry_f, grunt_decor_arrowhead
D:6:      layout_layer_cave, chequers_temple_overflow_statue_of_worship,
          nicolae_tso_carved_into_rock, serial_shops, nicolae_shop_gaudy_bauble,
          moated_statue, uniq_menkaure, uniq_maggie, uniq_grinder
D:7:      layout_rooms, grunt_gozag_breadcrumbs, minmay_temple_entry_mist,
          nicolae_zig_zag_zippers
D:8:      layout_basic, minmay_lair_entry_lava, minmay_manual_monstrance,
          uniq_prince_ribbit1, uniq_psyche, uniq_jeremiah
Temple:   nicolae_temple_x_marks_the_god

Skill      XL: |  1  2  3  4  5  6  7  8  9 10 |
---------------+-------------------------------+-----
Spellcasting   | 4 5 6 8 9 11 | 11.2
Conjurations   | 5 6 7 8 10 | 10.2
Translocations | 1 2 4 |  4.3
Alchemy        | 1 2 4 |  4.3
Armour         | 2 4 5 |  5.0
Dodging        | |  2.4
Stealth        | |  2.4

Action                     |  1- 3 |  4- 6 |  7- 9 | 10-12 || total
---------------------------+-------+-------+-------+-------++-------
  Melee: Hand axe          |       |     1 |       |       ||     1
   Cast: Magic Dart        |    37 |   115 |    90 |       ||   242
         Searing Ray       |     1 |    16 |    21 |       ||    38
         Fulminant Prism   |       |     1 |    33 |     1 ||    35
         Iskenderun's Myst |       |       |     8 |     2 ||    10
    Use: Scroll            |       |     6 |     5 |       ||    11
 Armour: Robe              |       |    12 |    17 |     3 ||    32
  Dodge: Dodged            |     2 |    18 |    16 |     1 ||    37
